 Dungeon Crawl Stone Soup version 0.30-a0-1161-g0704695555 (webtiles) character file.

Game seed: 8774877803744918359

352986 mattengel8991 the Warrior (level 21, -1/163 (176) HPs)
             Began as a Demonspawn Gladiator on Apr 27, 2023.
             Was the Champion of Ru.
             Killed from afar by a deep elf sorcerer (33 damage)
             ... with a bolt of acid
             ... on level 3 of the Elven Halls on Apr 28, 2023.
             The game lasted 02:45:35 (46427 turns).

mattengel8991 the Warrior (Demonspawn Gladiator)   Turns: 46427, Time: 02:45:36

HP:   -1/163 (176)  AC: 31    Str: 25    XL:     21   Next: 32%
MP:   17/21         EV: 11    Int:  9    God:    Ru [******]
Gold: 321           SH: 33    Dex: 22    Spells: 20/20 levels left

rFire   + + +        j - +4 demon whip (heavy)
rCold   + . .        s - +2 tower shield
rNeg    + . .        W - +4 gold dragon scales
rPois   +            G - +2 hat {Will+}
rElec   .            N - +0 cloak {Stlth+}
rCorr   .            x - +2 pair of gloves
SInv    +            (boots unavailable)
Will    +++..        P - amulet of reflection Stlth
                     F - ring "Mihoschi" {rF+ rN+ Will+ Dex+3}
HPRegen 0.47/turn    a - ring "Jawekair" {rF+ EV+5 Dex+3 SInv}
MPRegen 0.17/turn

%: reflection
@: exhausted, corroded, drained, unable to read
A: hooves 3, foul stench 3, icemail 2, augmentation 1, inability to read after
injury 2, hated by all, no conjurations magic, no earth magic, no hexes magic,
unskilled 2, sharp scales 3, condensation shield
}: 2/15 runes: serpentine, barnacled
a: Renounce Religion, Draw Out Power, Power Leap, Apocalypse


You were on level 3 of the Elven Halls.
You worshipped Ru.
Ru was exalted by your worship.
You visited 8 branches of the dungeon, and saw 38 of its levels.
You visited 2 bazaars.
You also visited: Trove, Bailey, Gauntlet and Ice Cave.

You collected 5769 gold pieces.
You spent 5448 gold pieces at shops.

Inventory:

Hand Weapons
 j - a +4 heavy demon whip (weapon)
 M - the +3 whip of Righteous Fury {heavy, rElec rC+ rN+ Int+3 Dex-3}
   (You found it on level 9 of the Dungeon)

   Int:       It affects your intelligence (+3).
   Dex:       It affects your dexterity (-3).
   rC:        It protects you from cold.
   rElec:     It insulates you from electricity.
   rN:        It protects you from negative energy.
 R - a +6 antimagic quarterstaff
 Y - a +3 eveningstar of pain
Missiles
 d - 7 throwing nets
 e - 22 javelins
 f - 16 silver javelins
 o - 13 datura-tipped darts
 q - 2 silver boomerangs
 u - 35 boomerangs (quivered)
 E - 8 atropa-tipped darts
 Q - 8 curare-tipped darts
 Z - 8 boomerangs of dispersal
Armour
 s - a +2 tower shield (worn)
 x - a +2 pair of gloves (worn)
 G - a +2 hat of willpower (worn)
 N - a +0 cloak of stealth (worn)
 T - the +3 Mad Mage's Maulers {Infuse+∞ VampMP -Cast}
   (You found it in a treasure trove)

   Infuse+∞: It empowers its wearer's blows with all of their magic.
   VampMP:    Blows struck in melee replenish the wearer's magic.
   -Cast:     It prevents spellcasting.
 W - +4 gold dragon scales (worn)
Jewellery
 a - the ring "Jawekair" (right hand) {rF+ EV+5 Dex+3 SInv}
   (You found it in a Gauntlet)

   [ring of evasion]

   EV:        It affects your evasion (+5).
   Dex:       It affects your dexterity (+3).
   rF:        It protects you from fire.
   SInv:      It lets you see invisible.
 w - the amulet "Tuid Xepp" {RegenMP rN+ Will++ Dex+3}
   (You found it on level 2 of the Vaults)

   [amulet of magic regeneration]

   It increases your rate of magic regeneration.
   Dex:       It affects your dexterity (+3).
   rN:        It protects you from negative energy.
   Will:      It greatly increases your willpower.
 y - the ring of Shadows {Umbra +Inv Stlth+}
   (You took it off a minotaur in a Gauntlet)

   [ring of stealth]

   Umbra:     It surrounds you with an aura of shadow, increasing your stealth
   and reducing the accuracy of all others within it.
   +Inv:      It lets you turn invisible.
   Stlth:     It makes you more stealthy.
 F - the ring "Mihoschi" (left hand) {rF+ rN+ Will+ Dex+3}
   (You acquired it in a bailey)

   [ring of positive energy]

   Dex:       It affects your dexterity (+3).
   rF:        It protects you from fire.
   rN:        It protects you from negative energy.
   Will:      It increases your willpower.
 O - the ring of Iduhig {Fly Dex+5 Slay-3}
   (You found it on level 1 of the Shoals)

   [ring of flight]

   Dex:       It affects your dexterity (+5).
   Slay:      It affects your accuracy & damage with ranged weapons and melee
   (-3).
   Fly:       It grants you flight.
 P - an amulet of reflection (around neck)
Wands
 C - a wand of digging (12)
 D - a wand of iceblast (39)
 L - a wand of light (27)
Scrolls
 b - 5 scrolls of blinking
 c - 3 scrolls of poison
 t - 8 scrolls of fog
 z - 16 scrolls of teleportation
 H - 6 scrolls of fear
 I - 7 scrolls of immolation
 J - 2 scrolls of enchant weapon
 K - 2 scrolls of silence
 V - 2 scrolls of torment
Potions
 g - 6 potions of attraction
 h - 7 potions of heal wounds
 i - 10 potions of might
 l - 10 potions of ambrosia
 m - 17 potions of curing
 n - 6 potions of berserk rage
 p - 5 potions of resistance
 v - 3 potions of haste
 A - 6 potions of lignification
 S - a potion of magic
 U - 2 potions of invisibility
 X - 5 potions of cancellation
Miscellaneous
 k - a lightning rod (4/4)
 r - a condenser vane (inert)
 B - a phial of floods (inert)


   Skills:
 - Level 17.8 Fighting
 - Level 12.5 Maces & Flails
 - Level 16.0 Throwing
 + Level 10.3 Armour
 + Level 4.0 Dodging
 - Level 16.8 Shields
 - Level 2.9 Evocations


You had 20 spell levels left.
You didn't know any spells.
Your spell library contained the following spells:

 Spells                   Type           Power      Damage    Failure   Level
 Beastly Appendage        Tmut           0%         N/A       100%        1
 Freeze                   Ice            0%         1d3       100%        1
 Necrotise                Necr           0%         1d4       100%        1
 Cigotuvi's Dreadful Rot  Necr/Pois/Air  0%         N/A       100%        2
 Lesser Beckoning         Tloc           0%         N/A       100%        2
 Sublimation of Blood     Necr           0%         N/A       100%        2
 Wereblood                Tmut           0%         N/A       100%        2
 Frozen Ramparts          Ice            0%         1d1       100%        3
 Gell's Gravitas          Tloc           0%         N/A       100%        3
 Ignite Poison            Fire/Tmut/Pois 0%         N/A       100%        3
 Ozocubu's Armour         Ice            0%         N/A       100%        3
 Teleport Other           Tloc           0%         N/A       100%        3
 Vampiric Draining        Necr           0%         2d6       100%        3
 Vhi's Electric Charge    Tloc/Air       0%         N/A       100%        3
 Volatile Blastmotes      Fire/Tloc      0%         2d10      100%        3
 Ice Form                 Ice/Tmut       0%         N/A       100%        4
 Agony                    Necr           0%         N/A       100%        5
 Ozocubu's Refrigeration  Ice            0%         4d7       100%        7
 Storm Form               Tmut/Air       0%         N/A       100%        7
 Maxwell's Capacitive Co  Air            0%         ∞         100%        8
 Necromutation            Tmut/Necr      0%         N/A       100%        8
 Polar Vortex             Ice            0%         N/A       100%        9
 Hailstorm                Conj/Ice       Unusable   3d3       N/A         3
 Fulminant Prism          Conj/Hex       Unusable   3d5       N/A         4
 Iskenderun's Mystic Bla  Conj/Tloc      Unusable   2d3       N/A         4
 Petrify                  Tmut/Erth      Unusable   N/A       N/A         4
 Summon Ice Beast         Ice/Summ       Unusable   N/A       N/A         4
 Summon Lightning Spire   Summ/Air       Unusable   N/A       N/A         4
 Arcjolt                  Conj/Air       Unusable   1d10      N/A         5
 Freezing Cloud           Conj/Ice/Air   Unusable   6-21      N/A         5
 Irradiate                Conj/Tmut      Unusable   3d11      N/A         5
 Lee's Rapid Deconstruct  Erth           Unusable   3d4*      N/A         5
 Yara's Violent Unravell  Hex/Tmut       Unusable   3d3       N/A         5
 Simulacrum               Ice/Necr       Unusable   N/A       N/A         6

Dungeon Overview and Level Annotations

Branches:
Dungeon (15/15)            Temple (1/1) D:6            Lair (5/5) D:10
 Shoals (4/4) Lair:2        Snake (4/4) Lair:2        Slime (0/5) Lair:4
    Orc (2/2) D:10            Elf (3/3) Orc:2        Vaults (4/5) D:13
  Crypt (0/3) Vaults:3     Depths (0/4) D:15         Bailey (visited)
  IceCv (visited)         Gauntlet (visited)

Altars:
Ashenzari
Cheibriados
Dithmenos
Gozag
Kikubaaqudgha
Makhleb
Nemelex Xobeh
Okawaru
Qazlal
Ru
Sif Muna
Trog
Uskayaw
Vehumet
Wu Jian
Xom
Lugonu

Shops:
D:4 !   D:13 [   D:15 (*(?!   Orc:2 !=[?   Elf:1 [   Elf:2 :   Shoals:1 (*
Snake:1 [   Vaults:3 *

Annotations:
Elf:2 3 runed translucent doors


Innate Abilities, Weirdness & Mutations

You have hooves in place of feet.
You frequently emit foul miasma when damaged in melee.
A meltable icy envelope protects you from harm. (AC +8)
Your magical and physical power is slightly enhanced at high health.
You sometimes lose the ability to read scrolls when taking damage.
You are hated by all.
You cannot study or cast Conjurations magic.
You cannot study or cast Earth magic.
You cannot study or cast Hexes magic.
You are unskilled. (-2 Apt)
You are completely covered in razor-sharp scales. (AC +3, Slay +3)
A meltable shield of frost defends you. (SH +4)


Message History

You block the deep elf sorcerer's attack.
The deep elf annihilator hits the ghostly deep elf sorcerer with a +0 rapier!
The ghostly deep elf sorcerer is destroyed!
Unknown command.
You completely miss the ghostly deep elf blademaster.
Your kick misses the ghostly deep elf blademaster.
The ghostly deep elf blademaster is almost destroyed.
You block the ghostly deep elf blademaster's attack. x2
You redirect the deep elf high priest's attack!
The deep elf sorcerer casts a spell at you.
The bolt of acid hits you!!!
* * * LOW HITPOINT WARNING * * *
The acid corrodes you!
You feel much better.
You block the ghostly deep elf blademaster's attack. x2
The deep elf sorcerer hits you with a +0 short sword.
* * * LOW HITPOINT WARNING * * *
You emit a cloud of foul miasma!
You block the deep elf pyromancer's attack.
A deep elf zephyrmancer comes into view.
It is wielding a +0 long sword and carrying a wand of iceblast (5).
The deep elf high priest is engulfed in blazing flames.
The deep elf high priest dies!
You block the ghostly deep elf blademaster's attack.
The ghostly deep elf blademaster hits you but does no damage.
You whack the ghostly deep elf blademaster!
Your kick misses the ghostly deep elf blademaster.
The ghostly deep elf blademaster is almost destroyed.
The deep elf sorcerer is engulfed in dark miasma.
The deep elf sorcerer is poisoned.
You redirect the deep elf sorcerer's attack!
The deep elf sorcerer hits you but does no damage.
The deep elf high priest is engulfed in noxious fumes.
The ghostly deep elf blademaster hits you but does no damage. x2
The deep elf annihilator hits the deep elf sorcerer with a +0 rapier!
The deep elf annihilator hits itself with a +0 rapier!
The deep elf sorcerer is engulfed in dark miasma.
The deep elf sorcerer looks even sicker.
The deep elf sorcerer points at you and mumbles some strange words.
The bolt of acid hits you!!
You die...

.............#)..#
##############)÷.#
.................#
..........|......#
.........).......#
#######.##########
##.......####
#.............####
.....#........Ee@###
............○°§eee†#
.####.....####§§e§##
####### ###§)# .)e)#
#.§)## ##..# )..#
...##


You could see a ghostly deep elf blademaster, a deep elf annihilator (empowered,
confused), a deep elf sorcerer (fast, empowered, very poisoned), a deep elf high
priest (brilliance aura), a deep elf pyromancer (empowered), a deep elf
zephyrmancer (empowered) and a fire elemental (summoned).

Vanquished Creatures
  Mara (Vaults:4)
  Nikola (Vaults:2)
  Jory (Vaults:2)
  Jorgrun (Shoals:3)
  A lich (Vaults:3)
  A deep elf blademaster (Elf:3)
  2 deep elf master archers (Elf:3)
  Polyphemus (Shoals:3)
  Frances (D:13)
  5 sphinxes
  A tengu reaver (Vaults:3)
  2 thorn hunters (Snake:3)
  Kirke (Shoals:3)
  15 nagarajas
  A fire giant (Vaults:4)
  Ilsuiw (Shoals:3)
  5 deep elf sorcerers (Elf:3)
  8 vault wardens
  A deep elf elementalist (Elf:3)
  2 orc warlords
  The ghost of Ganul the Bludgeoner, a journeyman DsGl of Hepliaklqana (D:15)
  Aizul (Snake:1)
  4 war gargoyles
  6 very ugly things
  A stone giant (Vaults:4)
  16 ironbound preservers
  6 ironbound thunderhulks
  3 deep elf demonologists
  10 dire elephants
  3 deep elf annihilators (Elf:3)
  A minotaur (Gauntlet)
  A crystal guardian (Vaults:4)
  Snorg (D:12)
  3 deep elf high priests
  Josephine (D:12)
  3 merfolk javelineers
  5 deep elf death magi
  An entropy weaver (Vaults:1)
  12 yaktaur captains
  11 merfolk impalers
  A jiangshi (Vaults:3)
  4 great orbs of eyes
  8 hydras
  4 salamander tyrants
  A vault guard (Vaults:4)
  4 peacekeepers
  A rakshasa (D:15)
  2 ogre magi
  An anaconda (shapeshifter) (Elf:3)
  5 anacondas
  8 ironbound frosthearts
  28 centaur warriors
  4 merfolk avatars
  3 catoblepae
  2 alligator snapping turtles
  3 boulder beetles
  18 dancing weapons
  2 alligators (Snake:3)
  7 death yaks
  7 merfolk aquamancers
  21 naga warriors
  A boulder beetle (shapeshifter) (Vaults:1)
  5 two-headed ogres
  5 satyrs
  A death knight (Vaults:3)
  3 orc high priests (Orc:2)
  Urug (D:12)
  10 naga sharpshooters
  6 shock serpents
  A shock serpent (shapeshifter) (D:15)
  7 deep elf knights
  5 skysharks
  3 skeletal warriors (D:10)
  33 deep trolls
  4 swamp dragons (Snake:3)
  4 salamander mystics
  2 goliath frogs
  9 sea snakes
  8 naga ritualists
  An orange crystal statue (Shoals:1)
  2 glowing orange brains
  11 deep elf archers
  14 ironbound convokers
  13 lindwurms
  9 wizards
  8 orc knights
  12 harpies (Shoals:1)
  16 deep elf pyromancers
  18 deep elf zephyrmancers
  11 mana vipers
  4 necromancers
  5 orc sorcerers
  35 ugly things
  16 manticores
  3 cyclopes
  14 fauns
  9 merfolk sirens
  12 salamanders
  15 vault sentinels
  28 elephants
  27 black mambas
  An eye of devastation (Gauntlet)
  8 guardian serpents
  A water nymph (Shoals:3)
  13 naga magi
  A torpor snail (Lair:2)
  18 cane toads
  Maggie (Lair:2)
  2 gargoyles
  An unseen horror (D:13)
  3 kobold demonologists
  A rime drake (Lair:1)
  9 komodo dragons
  17 yaktaurs
  A komodo dragon (shapeshifter) (D:13)
  A freezing wraith (IceCv)
  A queen bee (Lair:3)
  9 trolls
  A tengu conjurer (Vaults:3)
  4 tyrant leeches
  2 wind drakes
  A tarantella (Vaults:1)
  A hornet (shapeshifter) (D:15)
  2 hornets
  30 merfolk
  Grinder (D:6)
  22 blink frogs
  14 snapping turtles
  A stone giant simulacrum (Vaults:3)
  27 slime creatures
  Sigmund (D:2)
  A spriggan (shapeshifter) (Elf:1)
  A centaur simulacrum (D:15)
  An air elemental (Elf:3)
  4 wyverns
  17 water elementals
  11 wraiths
  3 shadows
  79 yaks
  A hog (Shoals:3)
  6 basilisks
  A fire elemental (Elf:2)
  2 humans (Shoals:3)
  7 vampire mosquitoes
  2 steam dragons
  2 golden eyes (Gauntlet)
  2 redbacks (Vaults:1)
  The ghost of avangion the Conjurer, an amateur GnCj (D:3)
  2 death yak simulacra (IceCv)
  37 nagas
  An acid dragon (D:12)
  A harpy simulacrum (IceCv)
  5 swamp worms (Snake:3)
  2 wargs
  An acid dragon (shapeshifter) (Vaults:3)
  11 water moccasins
  3 black bears
  A sky beast (D:7)
  29 orc warriors
  An ice beast (D:6)
  A swamp drake (Snake:3)
  11 ogres
  8 boggarts (Vaults:1)
  16 centaurs
  17 wolves
  2 phantoms (D:5)
  Blork the orc (D:5)
  3 kobold brigands
  An earth elemental (Elf:1)
  13 bullfrogs
  A necrophage (D:6)
  A gnoll sergeant (D:8)
  2 scorpions
  2 cane toad simulacra (IceCv)
  5 wights (D:9)
  An elephant simulacrum (IceCv)
  29 killer bees
  4 howler monkeys (D:8)
  15 electric eels
  4 hounds
  A jelly (D:4)
  4 gnoll boudas
  17 orc priests
  A sleepcap (D:7)
  7 iguanas
  Natasha (thrice) (D:3)
  20 orc wizards
  11 hell rats
  A hound skeleton (D:6)
  Robin (D:3)
  9 adders
  21 gnolls
  4 river rats (Lair:4)
  3 white imps
  An ufetubus (D:7)
  2 worms
  2 dart slugs
  87 orcs
  9 endoplasms
  A giant cockroach (D:4)
  13 goblins
  25 hobgoblins
  3 jackals (D:1)
  25 kobolds
  6 quokkas
  6 ball pythons
  4 bats (D:1)
  9 frilled lizards
  10 rats
  A spectral orc (D:10)
  A briar patch (Snake:3)
1542 creatures vanquished.

Vanquished Creatures (others)
  A kraken (Shoals:2)
  A deep elf sorcerer (Elf:3)
  A very ugly thing (Vaults:3)
  2 slime creatures
  A deep elf death mage (Elf:3)
  A deep elf high priest (Elf:3)
  2 yaktaur captains (Vaults:2)
  A merfolk impaler (Shoals:4)
  A centaur warrior (Vaults:4)
  A merfolk aquamancer (Shoals:2)
  A boulder beetle (Vaults:1)
  A deep elf knight (Elf:2)
  A skeletal warrior (D:10)
  3 deep elf zephyrmancers (Elf:3)
  A harpy (Shoals:1)
  A faun (Shoals:4)
  A guardian serpent (Snake:4)
  A water nymph (Shoals:4)
  A yaktaur (Vaults:4)
  A merfolk (Shoals:3)
  An acid dragon (D:10)
  A centaur (D:11)
  2 gnolls (Bailey)
  2 orcs
  A kobold (D:8)
  A briar patch (Snake:3)
  A butterfly (D:8)
  21 fungi
  340 plants
  4 tentacles (Shoals:2)
  A withered plant (Gauntlet)
399 creatures vanquished.

Grand Total: 1941 creatures vanquished

Notes
Turn   | Place    | Note
-------+----------+-------------------------------------------
     0 | D:1      | mattengel8991 the Demonspawn Gladiator began the quest for
                  | the Orb.
     0 | D:1      | Reached XP level 1. HP: 16/16 MP: 1/1
   166 | D:1      | Gained mutation: You are partially covered in razor-sharp
                  | scales. (AC +1, Slay +1) [demonic ancestry]
   166 | D:1      | Reached XP level 2. HP: 15/22 MP: 2/2
   367 | D:1      | Reached skill level 1 in Armour
   441 | D:1      | Reached XP level 3. HP: 27/27 MP: 3/3
   752 | D:2      | Gained mutation: A meltable shield of frost defends you.
                  | (SH +4) [demonic ancestry]
   752 | D:2      | Reached XP level 4. HP: 33/34 MP: 4/4
  1114 | D:2      | Noticed Sigmund
  1543 | D:3      | Gained mutation: A meltable icy envelope protects you from
                  | harm. (AC +8) [demonic ancestry]
  1543 | D:3      | Reached XP level 5. HP: 39/39 MP: 5/5
  1543 | D:3      | Noticed Robin
  1587 | D:3      | Killed Robin
  1650 | D:3      | Found a runed translucent door.
  1650 | D:3      | Noticed avangion's ghost (amateur GnCj)
  1773 | D:3      | Noticed Natasha
  1786 | D:3      | Killed Natasha
  1787 | D:3      | Reached skill level 3 in Fighting
  2092 | D:3      | Noticed Natasha
  2101 | D:3      | Killed Natasha
  2191 | D:3      | Noticed Natasha
  2197 | D:3      | Killed Natasha
  2198 | D:3      | Reached skill level 1 in Shields
  2400 | D:4      | Found a blossoming altar of Fedhas.
  2440 | D:4      | Gained mutation: You have large cloven feet. [demonic
                  | ancestry]
  2440 | D:4      | Reached XP level 6. HP: 30/47 MP: 6/6
  2730 | D:4      | Found Qycakuecw's Distillery.
  2737 | D:4      | Bought a potion of berserk rage for 55 gold pieces
  2737 | D:4      | Bought a potion of curing for 33 gold pieces
  3027 | D:5      | Entered Level 5 of the Dungeon
  3132 | D:5      | Gained mutation: A meltable icy envelope protects you from
                  | harm. (AC +8) [demonic ancestry]
  3132 | D:5      | Reached XP level 7. HP: 51/53 MP: 7/7
  3170 | D:5      | Reached skill level 4 in Fighting
  3170 | D:5      | Reached skill level 5 in Maces & Flails
  3234 | D:5      | Noticed Blork the orc
  3250 | D:5      | Killed Blork the orc
  3375 | D:5      | Found a snail-covered altar of Cheibriados.
  3513 | D:5      | Reached XP level 8. HP: 61/61 MP: 8/8
  3933 | D:5      | Reached skill level 5 in Fighting
  4491 | D:6      | Found a staircase to the Ecumenical Temple.
  4500 | Temple   | Entered the Ecumenical Temple
  4543 | Temple   | Became a worshipper of Ru the Awakened
  4568 | D:6      | Noticed Grinder
  4574 | D:6      | Killed Grinder
  5191 | D:6      | Found a burning altar of Makhleb.
  5201 | D:6      | Reached skill level 6 in Fighting
  5262 | D:7      | Gained mutation: You have hoof-like feet. [demonic
                  | ancestry]
  5262 | D:7      | Reached XP level 9. HP: 69/69 MP: 9/9
  5440 | D:7      | Identified the +2 rapier of the Writhing Visionary
                  | {antimagic, rF- rN+++ rCorr Stlth-}
  5734 | D:7      | Found an iron altar of Okawaru.
  5734 | D:7      | Found an ornate altar of the Wu Jian Council.
  5734 | D:7      | Found a broken altar of Ashenzari.
  5780 | D:7      | Found a hide-covered altar of Uskayaw.
  5783 | D:7      | Found a shimmering altar of Xom.
  5863 | D:7      | Reached skill level 7 in Fighting
  6038 | D:8      | Gained mutation: You occasionally lose the ability to read
                  | scrolls when taking damage. [Ru sacrifice]
  6038 | D:8      | Gained mutation: You sometimes lose the ability to read
                  | scrolls when taking damage. [Ru sacrifice]
  6038 | D:8      | Reached * piety under Ru
  6058 | D:8      | Found a flagged portal.
  6147 | Bailey   | Entered a bailey
  6286 | Bailey   | Reached skill level 8 in Fighting
  6395 | Bailey   | Reached XP level 10. HP: 80/80 MP: 10/10
  6450 | Bailey   | Noticed a rust devil
  6453 | Bailey   | Reached skill level 5 in Shields
  6891 | Bailey   | Found an iron altar of Okawaru.
  6893 | Bailey   | Noticed an orc knight
  6942 | Bailey   | Killed an orc knight
  6943 | Bailey   | Reached skill level 10 in Maces & Flails
  7159 | Bailey   | Acquired a +2 demon whip of freezing
  7271 | Bailey   | Acquired the ring "Mihoschi" {rF+ rN+ Will+ Dex+3}
  7482 | D:8      | Reached skill level 9 in Fighting
  7823 | D:8      | Found a shimmering blue altar of Sif Muna.
  8102 | D:8      | Found a stormy altar of Qazlal.
  8187 | D:8      | Reached skill level 1 in Evocations
  8545 | D:9      | Found a hazy altar of Hepliaklqana.
  8557 | D:9      | Gained mutation: You cannot study or cast Earth magic. [Ru
                  | sacrifice]
  8557 | D:9      | Gained mutation: You cannot study or cast Hexes magic. [Ru
                  | sacrifice]
  8557 | D:9      | Gained mutation: You cannot study or cast Conjurations
                  | magic. [Ru sacrifice]
  8557 | D:9      | Reached ** piety under Ru
  8724 | D:9      | Gained mutation: You have hooves in place of feet. [demonic
                  | ancestry]
  8724 | D:9      | Reached XP level 11. HP: 90/90 MP: 11/11
  8760 | D:9      | Identified the +3 whip of Righteous Fury {heavy, rElec rC+
                  | rN+ Int+3 Dex-3}
  8924 | D:9      | Found a sparkling altar of Nemelex Xobeh.
  8924 | D:9      | Found an opulent altar of Gozag.
  9064 | D:10     | Entered Level 10 of the Dungeon
  9127 | D:10     | Noticed a skeletal warrior
  9127 | D:10     | Noticed a skeletal warrior
  9127 | D:10     | Noticed a skeletal warrior
  9127 | D:10     | Noticed a skeletal warrior
  9150 | D:10     | Found a staircase to the Orcish Mines.
  9249 | D:10     | Found a staircase to the Lair.
  9274 | D:10     | Reached skill level 10 in Fighting
  9292 | Lair:1   | Entered Level 1 of the Lair of Beasts
 10114 | Lair:2   | Found a staircase to the Snake Pit.
 10177 | Lair:2   | Gained mutation: You are hated by all. [Ru sacrifice]
 10177 | Lair:2   | Reached *** piety under Ru
 10177 | Lair:2   | Reached **** piety under Ru
 10216 | Lair:2   | Reached skill level 11 in Fighting
 10225 | Lair:2   | Found a frozen archway.
 10230 | IceCv    | Entered an ice cave
 10403 | IceCv    | Found a transporter.
 10410 | IceCv    | Noticed a white ugly thing
 10414 | IceCv    | Found a transporter.
 10478 | Lair:2   | Found a staircase to the Shoals.
 10728 | Lair:2   | Noticed Maggie
 10733 | Lair:2   | Gained mutation: You may rarely emit foul miasma when
                  | damaged in melee. [demonic ancestry]
 10733 | Lair:2   | Reached XP level 12. HP: 93/102 MP: 12/12
 10738 | Lair:2   | Killed Maggie
 11253 | Lair:2   | Reached skill level 12 in Fighting
 11772 | Lair:3   | Reached skill level 13 in Fighting
 12331 | Lair:3   | Gained mutation: You are somewhat unskilled. (-1 Apt) [Ru
                  | sacrifice]
 12331 | Lair:3   | Reduced skill Fighting to level 12
 12331 | Lair:3   | Reached ***** piety under Ru
 12696 | Lair:4   | Found a staircase to the Slime Pits.
 12737 | Lair:4   | Gained mutation: You sometimes emit foul miasma when
                  | damaged in melee. [demonic ancestry]
 12737 | Lair:4   | Reached XP level 13. HP: 62/107 MP: 4/13
 13490 | Lair:4   | Reached skill level 13 in Fighting
 13877 | Lair:5   | Entered Level 5 of the Lair of Beasts
 14096 | Lair:5   | Reached skill level 10 in Shields
 14765 | Lair:4   | Gained mutation: You are unskilled. (-2 Apt) [Ru sacrifice]
 14765 | Lair:4   | Reduced skill Fighting to level 12
 14765 | Lair:4   | Reduced skill Throwing to level 1
 14765 | Lair:4   | Reached ****** piety under Ru
 14790 | Lair:5   | Gained mutation: You are mostly covered in razor-sharp
                  | scales. (AC +2, Slay +2) [demonic ancestry]
 14790 | Lair:5   | Reached XP level 14. HP: 91/113 MP: 14/14
 14858 | Lair:5   | Reached skill level 13 in Fighting
 15309 | Lair:5   | Identified the +3 short sword of Bodily Harmony {flame,
                  | *Corrode rC+ Dex+2 Stlth+}
 15311 | Lair:5   | Identified the staff of poison "Apruung" {rPois rF- rCorr
                  | Str-3 Dex+5}
 16503 | Orc:1    | Entered Level 1 of the Orcish Mines
 16825 | Orc:2    | Entered Level 2 of the Orcish Mines
 16825 | Orc:2    | Noticed an orc warlord
 16842 | Orc:2    | Killed an orc warlord
 16887 | Orc:2    | Found a staircase to the Elven Halls.
 16958 | Orc:2    | Found a gate leading to a gauntlet.
 16985 | Gauntlet | Entered a Gauntlet
 16985 | Gauntlet | Found a transporter.
 17081 | Gauntlet | Found a transporter.
 17083 | Gauntlet | Found a transporter.
 17094 | Gauntlet | Found a transporter.
 17097 | Gauntlet | Found a transporter.
 17110 | Gauntlet | Found a transporter.
 17125 | Gauntlet | Found a transporter.
 17138 | Gauntlet | Found a transporter.
 17150 | Gauntlet | Found a transporter.
 17155 | Gauntlet | Found a transporter.
 17155 | Gauntlet | Found a transporter.
 17183 | Gauntlet | Found a transporter.
 17183 | Gauntlet | Found a transporter.
 17238 | Gauntlet | Found a transporter.
 17347 | Gauntlet | Identified the ring "Jawekair" {rF+ EV+5 Dex+3 SInv}
 17601 | Gauntlet | Got the Guide on Teratogeny
 17830 | Orc:2    | Found Ekkuozxi's Distillery.
 18556 | Orc:2    | Found Reqevvey's Jewellery Boutique.
 18557 | Orc:2    | Found Michoe's Magic Scroll Shoppe.
 18557 | Orc:2    | Found Detrirak's Antique Armour Shoppe.
 18568 | Orc:2    | Bought a potion of might for 56 gold pieces
 18568 | Orc:2    | Bought 2 potions of curing for 84 gold pieces
 18571 | Orc:2    | Bought a pair of twisted gloves for 228 gold pieces
 18571 | Orc:2    | Identified the +0 pair of gloves of the Quahog {Int+5
                  | Dex+4} (You bought it in a shop on level 2 of the Orcish
                  | Mines)
 18610 | Orc:2    | Bought a scroll of blinking for 97 gold pieces
 18610 | Orc:2    | Bought a scroll of blinking for 97 gold pieces
 18610 | Orc:2    | Bought a scroll of fog for 52 gold pieces
 18610 | Orc:2    | Bought a scroll of poison for 52 gold pieces
 18616 | Orc:2    | Bought an amulet of reflection for 540 gold pieces
 20709 | D:12     | Noticed Urug
 20718 | D:12     | Killed Urug
 20719 | D:12     | Reached skill level 14 in Fighting
 20719 | D:12     | Reached XP level 15. HP: 112/126 MP: 15/15
 20996 | D:12     | Noticed Josephine
 21001 | D:12     | Killed Josephine
 21112 | D:12     | Noticed Snorg
 21120 | D:12     | Killed Snorg
 21854 | D:13     | Found Onwyisieck's Armour Shoppe.
 21932 | D:13     | Noticed Frances
 21941 | D:13     | Killed Frances
 22039 | D:13     | Found a gate to the Vaults.
 22365 | Snake:1  | Entered Level 1 of the Snake Pit
 22406 | Snake:1  | Noticed Aizul
 22430 | Snake:1  | Killed Aizul
 22787 | Snake:1  | Found George's Dragon-Slaying Spoils.
 23990 | Snake:3  | Reached skill level 15 in Fighting
 23996 | Snake:3  | Reached XP level 16. HP: 89/132 MP: 8/16
 24125 | Snake:3  | Noticed a thorn hunter
 24127 | Snake:3  | Noticed a thorn hunter
 24135 | Snake:3  | Killed a thorn hunter
 24149 | Snake:3  | Killed a thorn hunter
 24405 | Snake:3  | Reached skill level 5 in Armour
 24762 | Snake:4  | Entered Level 4 of the Snake Pit
 25916 | Snake:4  | Got a serpentine rune of Zot
 26345 | Snake:3  | Gained mutation: Your magical and physical power is
                  | slightly enhanced at high health. [demonic ancestry]
 26345 | Snake:3  | Reached XP level 17. HP: 144/144 MP: 17/17
 26580 | Snake:3  | Identified the +1 ring mail "Lomaraty" {rElec rC+}
 27028 | Snake:4  | Reached skill level 16 in Fighting
 27223 | Snake:4  | Identified the +10 falchion "Garedia" {drain, rPois Str+6
                  | Int+3}
 27397 | Snake:1  | Bought +0 gold dragon scales for 1440 gold pieces
 27716 | D:14     | Found a portal to a secret trove of treasure.
 27741 | D:14     | Got the Spellbook of Charnel Hoarfrost
 28414 | D:15     | Entered Level 15 of the Dungeon
 28414 | D:15     | Found Toum's Assorted Antiques.
 28418 | D:15     | Found Jeariod's Weapon Boutique.
 28432 | D:15     | Reached skill level 15 in Shields
 28446 | D:15     | Bought a scroll of blinking for 330 gold pieces
 28514 | D:14     | You paid a toll of 6 scrolls of blinking to enter a
                  | treasure trove
 28515 | Trove    | Entered a treasure trove
 28519 | Trove    | Identified the staff of fire "Ynosali" {rF+ rC+ Str+3}
 28548 | Trove    | Found the +3 Mad Mage's Maulers {Infuse+∞ VampMP -Cast}
 28554 | Trove    | Identified the +1 pair of gloves of the Sky {Int+3}
 28565 | Trove    | Identified the staff of poison "Paxegizo" {rPois rN+ Str-5
                  | Int+6}
 28615 | D:15     | Noticed Ganul's ghost (journeyman DsGl)
 28615 | D:15     | Found a runed translucent gate.
 28615 | D:15     | Found a runed translucent gate.
 28615 | D:15     | Found a runed translucent gate.
 29064 | D:3      | Killed avangion's ghost
 29074 | D:3      | Acquired a +1 eveningstar of venom
 29128 | D:2      | Killed Sigmund
 29447 | D:15     | Found Veolu's Distillery.
 29456 | D:15     | Bought a potion of might for 56 gold pieces
 29457 | D:15     | Found Ziul's Magic Scroll Shoppe.
 29534 | D:15     | Found Xiym's Antique Weapon Boutique.
 29785 | D:15     | Killed Ganul's ghost
 30337 | D:15     | Found a staircase to the Depths.
 30587 | Shoals:1 | Entered Level 1 of the Shoals
 30587 | Shoals:1 | Found Toax Tax's Gadget Gallery.
 30587 | Shoals:1 | Found Yjakhliru's Antique Weapon Boutique.
 30727 | Shoals:1 | Found a transporter.
 30780 | Shoals:1 | Acquired 1162 gold pieces
 30910 | Shoals:1 | Found a transporter.
 31314 | Shoals:1 | Identified the staff of earth "Qeraes" {+Blink Fly rElec
                  | rF+}
 31322 | Shoals:1 | Identified the ring of Iduhig {Fly Dex+5 Slay-3}
 31748 | Shoals:2 | Noticed a kraken
 31768 | Shoals:2 | Killed a kraken
 32041 | Shoals:2 | Acquired a manual of Throwing
 32100 | Shoals:2 | Gained mutation: You are completely covered in razor-sharp
                  | scales. (AC +3, Slay +3) [demonic ancestry]
 32100 | Shoals:2 | Reached XP level 18. HP: 126/153 MP: 18/18
 32850 | Shoals:3 | Noticed Polyphemus
 32865 | Shoals:3 | Killed Polyphemus
 33737 | Shoals:3 | Noticed Kirke
 33738 | Shoals:3 | Noticed Jorgrun
 33749 | Shoals:3 | Killed Kirke
 33764 | Shoals:3 | Killed Jorgrun
 33765 | Shoals:3 | Reached skill level 5 in Throwing
 33919 | Shoals:3 | Noticed Ilsuiw
 33931 | Shoals:3 | Killed Ilsuiw
 34291 | Shoals:4 | Entered Level 4 of the Shoals
 34397 | Shoals:4 | Found a flickering gateway to a bazaar.
 34426 | Bazaar   | Entered a bazaar
 34492 | Bazaar   | Found Neukuta's Antique Weapon Boutique.
 34492 | Bazaar   | Found Hilat's Antique Armour Shop.
 34493 | Bazaar   | Found Hyal's Magic Scroll Emporium.
 34510 | Bazaar   | Bought a scroll of blinking for 75 gold pieces
 34510 | Bazaar   | Bought a scroll of teleportation for 30 gold pieces
 34510 | Bazaar   | Bought a scroll of teleportation for 30 gold pieces
 34510 | Bazaar   | Bought a scroll of enchant armour for 75 gold pieces
 34510 | Bazaar   | Bought a scroll of enchant weapon for 75 gold pieces
 34525 | Bazaar   | Found Tiumeedy's Weapon Emporium.
 34544 | Bazaar   | Bought a steaming helmet for 218 gold pieces
 34544 | Bazaar   | Identified the +2 helmet of Bitterness {Int+7} (You bought
                  | it in a shop in a bazaar)
 34544 | Bazaar   | Bought an embroidered cloak for 172 gold pieces
 34587 | Bazaar   | Bought 2 atropa-tipped darts for 19 gold pieces
 34587 | Bazaar   | Bought 5 curare-tipped darts for 66 gold pieces
 34587 | Bazaar   | Bought 5 boomerangs of dispersal for 330 gold pieces
 34634 | Bazaar   | Bought a scroll of torment for 95 gold pieces
 35018 | Shoals:4 | Reached skill level 17 in Fighting
 35133 | Shoals:4 | Identified the +1 short sword "Okhodep" {elec, *Rage rElec
                  | rPois}
 35423 | Shoals:4 | Got a barnacled rune of Zot
 35460 | Shoals:4 | Identified the staff of cold "Urazitze" {rC+ Str+2}
 36287 | Vaults:1 | Entered Level 1 of the Vaults
 36374 | Vaults:1 | Reached skill level 1 in Evocations
 37063 | Vaults:1 | Paralysed by a sphinx for 4 turns
 37178 | Vaults:1 | Reached XP level 19. HP: 129/161 MP: 19/19
 37560 | Vaults:1 | Acquired a manual of Throwing
 38246 | Vaults:1 | Found the +3 salamander hide armour {Flames, rFlCloud rF++
                  | rC--}
 38521 | Vaults:2 | Noticed Jory
 38536 | Vaults:2 | Killed Jory
 38566 | Vaults:2 | Noticed Nikola
 38595 | Vaults:2 | Killed Nikola
 39201 | Vaults:2 | Identified the amulet "Tuid Xepp" {RegenMP rN+ Will++
                  | Dex+3}
 40187 | Vaults:2 | You fall into a shaft and drop 2 floors!
 40208 | Vaults:4 | Reached skill level 10 in Throwing
 40450 | Vaults:3 | Found Huodedib's General Store.
 40752 | Vaults:3 | Gained mutation: You frequently emit foul miasma when
                  | damaged in melee. [demonic ancestry]
 40752 | Vaults:3 | Reached XP level 20. HP: 106/163 MP: 20/20
 41374 | Vaults:3 | Found a staircase to the Crypt.
 41562 | Vaults:3 | Found a radiant altar of Vehumet.
 41562 | Vaults:3 | Found the +3 robe of Clouds {*Thunder rCloud rElec}
 41607 | Vaults:3 | Identified the +2 robe of the Tired Things {rN++ rCorr
                  | Archmagi}
 41622 | Vaults:3 | Identified the +2 hat "Malal" {rF+ rC- Str+8 Stlth+}
 41782 | Vaults:3 | Bought a scroll of acquirement for 676 gold pieces
 41782 | Vaults:3 | Acquired a +3 eveningstar of pain
 42004 | Vaults:4 | Noticed Mara
 42009 | Vaults:4 | Noticed mattengel8991's illusion
 42015 | Vaults:4 | Killed Mara
 42704 | Vaults:4 | Reached skill level 15 in Throwing
 43547 | Elf:1    | Entered Level 1 of the Elven Halls
 43720 | Elf:1    | Identified the +9 trident of Defiance {flame, rC+ rN+
                  | Int+3}
 43835 | Elf:1    | Found Bofryoneyn's Armour Shop.
 43897 | Orc:2    | Bought a scroll of identify for 26 gold pieces
 44865 | Elf:2    | Found Lonalic's Book Shoppe.
 44889 | Elf:2    | Found a flickering gateway to a bazaar.
 44975 | Bazaar   | Entered a bazaar
 44975 | Bazaar   | Found Qumiocwy's Weapon Boutique.
 44975 | Bazaar   | Found Loluppuh's Jewellery Boutique.
 45004 | Bazaar   | Found Xezxikaja's Assorted Antiques.
 45053 | Bazaar   | Found Qonol's Antique Weapon Boutique.
 45134 | Bazaar   | Bought a scroll of fear for 84 gold pieces
 45134 | Bazaar   | Bought a scroll of teleportation for 63 gold pieces
 45134 | Bazaar   | Bought a potion of might for 84 gold pieces
 45134 | Bazaar   | Bought a potion of haste for 210 gold pieces
 45324 | Elf:2    | Found a runed translucent gate.
 45326 | Elf:2    | Found a runed translucent gate.
 45326 | Elf:2    | Found a runed translucent gate.
 45517 | Elf:3    | Entered Level 3 of the Elven Halls
 45530 | Elf:3    | Paralysed by an air elemental for 1 turns
 45624 | Elf:3    | Reached XP level 21. HP: 176/176 MP: 21/21
 46386 | Elf:3    | Identified the +2 robe of the Vaults {rC+}
 46396 | Elf:3    | Reached skill level 10 in Armour
 46412 | Elf:3    | Identified the ring "Cuecvaf" {Fly rC+ Str+3}
 46427 | Elf:3    | Killed from afar by a deep elf sorcerer

Illustrated notes

Levels and vault maps discovered:
D:1:      dpeg_arrival_stone_temple_mockup, layout_rooms
D:2:      layout_loops_cross, uniq_sigmund
D:3:      layout_basic, hellmonk_ghost_happy_afterlife, uniq_natasha, uniq_robin
D:4:      layout_basic, fedhas_altar_fruit_tree, serial_shops,
          nicolae_shop_pleasant_corner_grove, kennysheep_diamond
D:5:      layout_basic, lemuel_doored_altar, lemuel_coloured_pillars_altar,
          uniq_blork_the_orc
D:6:      layout_loops_corners, makhleb_blood_cavern_becter,
          minmay_temple_entry_waves, uniq_grinder
D:7:      layout_rooms, minmay_overflow_temple_star_hex, st_stairs_14
D:8:      layout_basic, mainiacjoe_overflow_alcove_2,
          nicolae_elyvilon_peaceful_grove, nicolae_sif_muna_condensation,
          enter_bailey_2, st_stairs_10, serial_bayou_pond_a,
          minmay_misc_feat_alley, serial_bayou_lagoon_a
D:9:      layout_gridville, grunt_temple_overflow_opulence,
          mainiacjoe_overflow_small_starburst
D:10:     kennysheep_blocky_room, layout_basic,
          yredelemnul_forgotten_temple_becter, david_lair_generic, orc_0_dummy
D:11:     layout_roguey, serial_bayou, serial_bayou_pond_c, serial_bayou_ford_a,
          serial_bayou_pond_a, serial_bayou_lake_a
D:12:     layout_roguey, uniq_josephine, uniq_urug, uniq_snorg
D:13:     layout_stronghold, david_vaults_2, serial_shops, shop, uniq_frances
D:14:     layout_layer_cave, enter_trove_3
D:15:     gammafunk_enter_depths_forms, layout_rooms, serial_shops, shop,
          nicolae_shop_peninsula, nicolae_shop_rolling_square, shop,
          nicolae_shop_industrial_runoff, minmay_misc_feat_four_crosses,
          gammafunk_ghost_hydra_chop
Temple:   corrupted_temple
Lair:1:   layout_chaotic_city
Lair:2:   minmay_guarded_unrand_snakebite, layout_cave_pods,
          elwin_shoals_entry_stream, guppyfry_snake_entry_garden,
          portal_ice_cave_entry_pillars_2, enter_volcano_2, st_stairs_13,
          nicolae_lair_grove_arrangements, cheibrodos_lair_caveside_slide,
          infiniplex_staircase_pool, uniq_maggie
Lair:3:   layout_hall_layers, special_room [special_room_bee],
          chequers_serial_rivers_small_3, grunt_megastairs_5,
          serial_bayou_shore_b
Lair:4:   layout_cave_pods, slime_entry_1, kennysheep_abandoned_house
Lair:5:   minmay_lair_end_frog_pond, layout_misc_corridors
Shoals:1: gammafunk_sealed_arena, layout_shoals, serial_shops,
          nicolae_shop_dealshenge, nicolae_shop_gadgets
Shoals:2: layout_shoals, nicolae_shoals_aquamancer_cove
Shoals:3: layout_shoals, uniq_jorgrun, uniq_ilsuiw, uniq_kirke, uniq_polyphemus
Shoals:4: shoals_end_grunt_garden, layout_shoals, serial_shops, bzr_entry_water,
          nicolae_shoals_loop_pool
Snake:1:  layout_onion_interference, grunt_ministairs_13,
          nicolae_shop_dragon_depot, grunt_megastairs_2, serial_bayou_shore_a,
          uniq_aizul
Snake:2:  layout_gridlike
Snake:3:  onia_ninara_swampy_vault, layout_layer_cave, st_stairs_7
Snake:4:  grunt_snake_rune_spirals, layout_onion_interference
Orc:1:    layout_diamond_mine, special_room [special_room_orc]
Orc:2:    st_orc_elflike, layout_caves, gauntlet_entry_generic,
          nicolae_orc_rockfall
Elf:1:    layout_loops_cross, serial_shops, nicolae_shop_mannequins,
          serial_co_window_serial, co_window_corner_a, co_window_paths_b,
          co_window_paths_b, co_window_cross_1, co_window_of_opportunity_a,
          co_window_broadway_c, co_window_unsneaky_path_d, co_window_corner_b,
          co_window_corner_b, glass_columns_b, glass_columns_a, glass_columns_a,
          glass_columns_a, glass_columns_b, minmay_strange_pillars
Elf:2:    elven_hall_of_blades_hangedman_original [nicolae_blade_tridents],
          layout_geoelf_octagon, serial_shops, bzr_entry_gold, minmay_shop_star
Elf:3:    minmay_elf_hall_furrowed, layout_onion_city, grunt_megastairs_1
Vaults:1: nicolae_vaults_wrenched, v_pattern_1, v_alt_pattern_2,
          nicolae_vaults_doubleplus_tesselated, nicolae_vaults_network_square,
          vaults_mumra_lcd, vaults_room_stairs_pillars,
          nicolae_vaults_mush_room, vaults_room_semicircle,
          ontoclasm_vaults_eye, vaults_dpeg_ring, layout_vaults_chaotic_city
Vaults:2: v_misc_10, hangedman_vaults_restitches,
          nicolae_vaults_network_barrier, grunt_vaults_focal,
          nicolae_vaults_trapezoid_1, nicolae_vaults_specimen_jars,
          nicolae_vaults_offset_grid_hallway_1, hangedman_vaults_variations,
          v_misc_18, nicolae_vaults_sightless_eye, nicolae_vaults_double_plus_2,
          serial_ice_h, v_alt_pattern_1, nicolae_vaults_diamond_1,
          layout_vaults_omnicross, uniq_jory, uniq_nikola
Vaults:3: minmay_crypt_entry_simple_corners, nicolae_vaults_heart-shaped_vault,
          v_misc_19, nicolae_vaults_little_squares_4,
          nicolae_vaults_trapezoid_lopsided_3, grunt_tower_of_power,
          hangedman_vaults_nodes, grunt_vaults_twisty, nicolae_vaults_mitosis,
          nicolae_vaults_door_testing_chamber, v_misc_8, nicolae_vaults_cochlea,
          dpeg_vaults_monster_box, vaults_room_semicircle, serial_ice_h,
          layout_vaults_maze_bifur, serial_shops, shop
Vaults:4: nicolae_vaults_heart-shaped_vault, hangedman_vaults_slice,
          hangedman_vaults_hat, vaults_mumra_minichess_inversion,
          nicolae_vaults_stepped_doors, nicolae_vaults_apartment_2, v_misc_27,
          nicolae_vaults_layer_cake_slice, nicolae_vaults_little_squares_6,
          ontoclasm_vaults_twist, vaults_mumra_chevron,
          nicolae_vaults_thirteen_compartments, ontoclasm_vaults_idyll,
          nicolae_vaults_trapezoid_lopsided_3, layout_vaults_omnibox, uniq_mara

Skill      XL: |  1  2  3  4  5  6  7  8  9 10 11 12 13 14 15 16 17 18 19 20 21 |
---------------+----------------------------------------------------------------+-----
Maces & Flails | 3 4 6 7 9 11 12 11 11 12 | 12.5
Armour         | 1 2 3 2 3 4 5 7 8 9 10 | 10.3
Dodging        | 3 2 3 4 |  4.0
Fighting       | 3 4 6 8 9 11 12 12 14 15 16 17 | 17.8
Shields        | 1 2 3 4 5 7 9 10 11 12 14 15 16 | 16.8
Throwing       | 2 1 2 3 6 11 16 | 16.0
Evocations     | 1 0 1 2 |  2.9

Action                     |  1- 3 |  4- 6 |  7- 9 | 10-12 | 13-15 | 16-18 | 19-21 || total
---------------------------+-------+-------+-------+-------+-------+-------+-------++-------
  Melee: Flail             |   115 |   189 |   377 |   128 |       |       |       ||   809
         Punch             |     1 |     1 |     3 |     5 |       |       |       ||    10
         Kick              |       |    14 |   121 |   251 |   389 |   549 |   469 ||  1793
         Demon whip        |       |       |       |   596 |  1044 |  1215 |   979 ||  3834
  Throw: Javelin           |       |     1 |       |       |       |       |       ||     1
         Dart              |       |       |     8 |       |    17 |       |       ||    25
         Boomerang         |       |       |       |       |     3 |   101 |    95 ||   199
 Invoke: Sacrifice Words   |       |       |     1 |       |       |       |       ||     1
         Sacrifice Arcana  |       |       |       |     1 |       |       |       ||     1
         Draw Out Power    |       |       |       |     4 |    11 |     8 |     6 ||    29
         Sacrifice Love    |       |       |       |     1 |       |       |       ||     1
         Apocalypse        |       |       |       |     1 |     7 |     7 |     5 ||    20
         Power Leap        |       |       |       |     1 |     1 |       |     2 ||     4
         Sacrifice Skill   |       |       |       |     1 |     1 |       |       ||     2
  Evoke: Wand              |       |       |       |     7 |     2 |       |     1 ||    10
         Phial of floods   |       |       |       |       |       |       |     2 ||     2
         Condenser vane    |       |       |       |       |       |       |     1 ||     1
    Use: Scroll            |     5 |     8 |     8 |    10 |    12 |     8 |     6 ||    57
         Potion            |       |       |     2 |     1 |     2 |     3 |    10 ||    18
   Stab: Invisible         |       |       |       |     1 |     6 |     8 |     7 ||    22
         Distracted        |       |       |       |     1 |       |    10 |     6 ||    17
         Paralysed         |       |       |       |       |     7 |    16 |    14 ||    37
         Petrified         |       |       |       |       |       |     3 |       ||     3
         Petrifying        |       |       |       |       |       |     1 |       ||     1
 Armour: Ring mail         |    66 |    86 |   204 |   219 |   172 |       |       ||   747
         Chain mail        |       |       |       |       |   208 |    75 |       ||   283
         Gold dragon scale |       |       |       |       |       |   375 |   316 ||   691
  Dodge: Dodged            |   107 |    93 |   208 |   248 |   331 |   212 |   150 ||  1349
  Block: Other             |       |    37 |    57 |    22 |       |       |       ||   116
         Buckler           |       |       |       |   221 |   488 |       |       ||   709
         Reflection        |       |       |       |       |    52 |   110 |    78 ||   240
         Kite shield       |       |       |       |       |   137 |  1155 |   115 ||  1407
         Tower shield      |       |       |       |       |       |       |  1002 ||  1002

Table legend: (Time is in decaauts)
 A = Elapsed time spent in this place.
 B = Non-inter-level travel time spent in this place.
 C = Inter-level travel time spent in this place.
 D = Time resting spent in this place.
 E = Time spent auto-exploring this place.
 F = Levels seen in this place.
 G = Mean time per level.
                   A        B        C        D        E       F      G
               +--------+--------+--------+--------+--------+-----+--------+
         Total |  45964 |  42127 |   3837 |   2624 |  28447 |  44 | 1044.6 |
       Dungeon |  15068 |  12838 |   2230 |    252 |   9557 |  15 | 1004.5 |
        Temple |     61 |     43 |     18 |      0 |     22 |   1 |   61.0 |
          Lair |   6491 |   5808 |    683 |    792 |   3461 |   5 | 1298.2 |
        Shoals |   5200 |   5045 |    155 |    468 |   3369 |   4 | 1300.0 |
     Snake Pit |   5060 |   4868 |    192 |    489 |   3064 |   4 | 1265.0 |
  Orcish Mines |   1784 |   1460 |    324 |     80 |    890 |   2 |  892.0 |
   Elven Halls |   2540 |   2487 |     53 |      0 |   1791 |   3 |  846.7 |
        Vaults |   7018 |   6838 |    180 |    196 |   5100 |   4 | 1754.5 |
        Bazaar |    429 |    429 |      0 |      0 |    198 |   2 |  214.5 |
         Trove |     87 |     87 |      0 |      0 |      7 |   1 |   87.0 |
        Bailey |   1293 |   1293 |      0 |    204 |    615 |   1 | 1293.0 |
      Ice Cave |    213 |    213 |      0 |    143 |      1 |   1 |  213.0 |
      Gauntlet |    713 |    713 |      0 |      0 |    370 |   1 |  713.0 |
               +--------+--------+--------+--------+--------+-----+--------+

Top non-repeatable levels by time:
  Lair:4: 2098 daAuts
Vaults:1: 2061 daAuts
Vaults:2: 1827 daAuts
 Snake:4: 1803 daAuts
Vaults:4: 1618 daAuts
Vaults:3: 1510 daAuts
Shoals:2: 1462 daAuts
 Snake:3: 1446 daAuts
   Orc:2: 1440 daAuts
    D:10: 1388 daAuts
    D:11: 1348 daAuts
Shoals:3: 1332 daAuts
  Bailey: 1293 daAuts
  Lair:2: 1289 daAuts
Shoals:4: 1265 daAuts
